 Dungeon Crawl Stone Soup version 0.30-a0-1161-g0704695555 (webtiles) character file.

Game seed: 5451152173975907586

178 NateTC the Digger (level 5, -4/28 HPs)
             Began as a Gargoyle Earth Elementalist on Apr 27, 2023.
             Slain by a gnoll
             ... wielding a +0 club
             ... led by a gnoll sergeant
              (6 damage)
             ... on level 3 of the Dungeon.
             The game lasted 00:08:41 (3054 turns).

NateTC the Digger (Gargoyle Earth Elementalist)     Turns: 3054, Time: 00:08:42

Health: -4/28      AC:  6    Str: 12    XL:     5   Next: 58%
Magic:  5/8        EV: 11    Int: 23    God:
Gold:   186        SH:  0    Dex: 10    Spells: 5/9 levels left

rFire   . . .        (no weapon)
rCold   . . .        (no shield)
rNeg    + . .        a - +0 robe
rPois   ∞            (no helmet)
rElec   +            (no cloak)
rCorr   +            (no gloves)
SInv    .            (no boots)
Will    .....        (no amulet)
Stlth   ++           c - ring of resist corrosion
HPRegen 0.24/turn    i - +6 ring of intelligence
MPRegen 0.11/turn

%: no passive effects
@: no status effects
A: sickness immunity, AC +4, negative energy resistance 1, electricity
resistance, torment resistance 1, petrification resistance
a: no special abilities


You were on level 3 of the Dungeon.
You visited 1 branch of the dungeon, and saw 4 of its levels.

You collected 186 gold pieces.

Inventory:

Armour
 a - a +0 robe (worn)
 d - a +0 buckler
Jewellery
 c - a ring of resist corrosion (left hand)
 i - a +6 ring of intelligence (right hand)
Scrolls
 e - a scroll of noise
 f - a scroll of vulnerability
Potions
 b - a potion of magic
 h - a potion of attraction
 k - a potion of lignification {unknown}


   Skills:
 - Level 1.5 Dodging
 - Level 2.1 Stealth
 + Level 1.1 Shields
 - Level 2.5 Spellcasting
 * Level 3.3 Conjurations
 - Level 0.7 Transmutations
 * Level 5.4 Earth Magic


You had 5 spell levels left.
You knew the following spells:

 Your Spells              Type           Power      Damage    Failure   Level
a - Sandblast             Erth           54%        2d13      1%          1
b - Stone Arrow           Conj/Erth      46%        3d9       6%          3

Your spell library contained the following spells:

 Spells                   Type           Power      Damage    Failure   Level
 Passwall                 Tmut/Erth      14%        N/A       5%          2
 Petrify                  Tmut/Erth      17%        N/A       34%         4


Dungeon Overview and Level Annotations

Branches:
Dungeon (4/15) Zot: 20898
 Temple: D:4-7

Altars:


Innate Abilities, Weirdness & Mutations

You are immune to sickness and miasma.
Your stone body is resilient. (AC +4)
You are immune to poison.
You resist negative energy. (rN+)
You are resistant to electric shocks. (rElec)
You are resistant to unholy torment.
You are immune to petrification.


Message History

You start resting.
Magic restored.
You start resting.
HP restored.
You can't go up here!
You climb downwards.
You hear the sound of rushing water.
There is an entrance to a sewer on this level.
Hurry and find it before the portal rusts away!
You hear the rusting of a drain very nearby.
The gnoll barely misses you. x2
The gnoll sergeant hits you from afar with a +0 trident.
There is a stone staircase leading up here.
The gnoll hits you with a +0 flail.
The gnoll sergeant hits you from afar with a +0 trident!
* * * LOW HITPOINT WARNING * * *
The gnoll hits you but does no damage.
You climb upwards.
There is a stone staircase leading down here.
The gnoll hits you with a +0 flail.
* * * LOW HITPOINT WARNING * * *
The gnoll attacks as you move away! The gnoll hits you with a +0 club.
* * * LOW HITPOINT WARNING * * *
The gnoll hits you with a +0 flail.
* * * LOW HITPOINT WARNING * * *
Okay, then.
The gnoll attacks as you move away! The gnoll hits you but does no damage.
There is a stone staircase leading up here.
Okay, then.
Okay, then.
You are too injured to fight recklessly!
Unknown command.
Casting: Sandblast (safe; 1% risk of failure)
Confirm with . or Enter, or press ? or * to list all spells.
The spell is quite dangerous to miscast (6% risk of failure)!
Continue anyway?
Aiming: Stone Arrow (quite dangerous; 6% risk of failure)
Press: ? - help, Shift-Dir - straight line, f - gnoll
Aim: a gnoll, wielding a +0 flail (75% to hit)
The stone arrow misses the gnoll.
The gnoll barely misses you. The gnoll hits you with a +0 club.
You die...

# #.#.####.# #.# #
#.#.# #.## #.# #
###.#.# #..# #.# #
##.^...# #..# #.# #
#......####(.# #.#
#...........># #.#
#####....>#####..###
#.#
...)...........gg..#
#.#
#######.(######.@#.#
#.# #..# #..#.# #.#
#..######..#.######.#
#..........#..†..(..#
#.####.#.#.##########
#.....###..#
######.#..## ##.#.#
## #.#.#


You could see 2 gnolls.

Vanquished Creatures
  An ogre (D:4)
  2 adders
  A gnoll (D:3)
  4 worms
  A dart slug (D:1)
  4 ball pythons
  3 endoplasms
  5 giant cockroaches
  6 goblins
  7 hobgoblins
  A quokka (D:1)
  5 bats
  6 frilled lizards
  2 kobolds (D:1)
  9 rats
57 creatures vanquished.

Vanquished Creatures (others)
  5 plants (D:3)
  2 withered plants (D:3)
7 creatures vanquished.

Grand Total: 64 creatures vanquished

Notes
Turn   | Place    | Note
-------+----------+-------------------------------------------
     0 | D:1      | NateTC the Gargoyle Earth Elementalist began the quest for
                  | the Orb.
     0 | D:1      | Reached XP level 1. HP: 10/10 MP: 3/3
   203 | D:1      | Reached XP level 2. HP: 15/15 MP: 0/5
   270 | D:1      | Reached skill level 1 in Conjurations
   319 | D:1      | Reached skill level 4 in Earth Magic
   859 | D:2      | Reached XP level 3. HP: 19/19 MP: 2/6
  1910 | D:2      | Learned a level 3 spell: Stone Arrow
  1956 | D:3      | Reached XP level 4. HP: 24/24 MP: 3/7
  2029 | D:3      | Found a faded altar of an unknown god.
  2785 | D:4      | Noticed an ogre
  2789 | D:4      | Killed an ogre
  2790 | D:4      | Reached skill level 1 in Shields
  2790 | D:4      | Reached skill level 5 in Earth Magic
  2790 | D:4      | Reached XP level 5. HP: 28/28 MP: 0/8
  3052 | D:3      | HP: 1/28 [gnoll/+0 flail[a gnoll sergeant] (1)]
  3054 | D:3      | Slain by a gnoll

Illustrated notes

Levels and vault maps discovered:
D:1:      dpeg_arrival_stone_temple_mockup, layout_rooms
D:2:      layout_basic
D:3:      layout_loops_ring, shapermc_ecumenical_altar_flowoftime
D:4:      layout_loops_cross, portal_sewer_entry_f

Skill      XL: |  1  2  3  4 |
---------------+-------------+-----
Conjurations   | 1 2 3 |  3.3
Earth Magic    | 4 5 |  5.4
Shields        | 1 |  1.1
Dodging        | |  1.5
Stealth        | |  2.1
Spellcasting   | |  2.5
Transmutations | |  0.7

Action                     |  1- 3 |  4- 6 || total
---------------------------+-------+-------++-------
  Melee: Unarmed           |       |    29 ||    29
   Cast: Sandblast         |    61 |    29 ||    90
         Stone Arrow       |       |     2 ||     2
    Use: Scroll            |     6 |     2 ||     8
 Armour: Robe              |    16 |     8 ||    24
  Dodge: Dodged            |    28 |    21 ||    49

Table legend: (Time is in decaauts)
 A = Elapsed time spent in this place.
 B = Non-inter-level travel time spent in this place.
 C = Inter-level travel time spent in this place.
 D = Time resting spent in this place.
 E = Time spent auto-exploring this place.
 F = Levels seen in this place.
 G = Mean time per level.
                   A        B        C        D        E       F      G
               +--------+--------+--------+--------+--------+-----+--------+
         Total |   3100 |   2997 |    103 |    943 |    987 |   4 |  775.0 |
       Dungeon |   3100 |   2997 |    103 |    943 |    987 |   4 |  775.0 |
               +--------+--------+--------+--------+--------+-----+--------+

Top non-repeatable levels by time:
     D:2: 1286 daAuts
     D:3: 1017 daAuts
     D:1: 695 daAuts
     D:4: 101 daAuts
